 Dungeon Crawl Stone Soup version 0.31.0-11-ge490571c62 (webtiles) character file.

Game seed: 872992259335899441

37 qw the Shooter (level 3, 0/18 HPs)
             Began as a Spriggan Hunter on Feb 4, 2024.
             Slain by a frilled lizard (3 damage)
             ... on level 2 of the Dungeon.
             The game lasted 00:00:31 (1149 turns).

qw the Shooter (Spriggan Hunter)                    Turns: 1149, Time: 00:00:32

Health: 0/18       AC:  2    Str:  7    XL:     3   Next: 21%
Magic:  4/4        EV: 19    Int: 10    God:
Gold:   99         SH:  0    Dex: 20    Spells: 2/2 levels left

rFire   . . .        a - +0 shortbow
rCold   . . .        (shield currently unavailable)
rNeg    . . .        c - +0 robe
rPois   .            (helmet restricted)
rElec   .            (no cloak)
rCorr   .            (gloves unavailable)
SInv    +            (boots unavailable)
Will    .....        (no amulet)
Stlth   ++           (no ring)
HPRegen 0.23/turn    (no ring)
MPRegen 0.09/turn

%: no passive effects
@: very quick
A: very small, no large weapons, unfitting armour, see invisible, speed 3
a: no special abilities


You were on level 2 of the Dungeon.
You visited 1 branch of the dungeon, and saw 2 of its levels.

You collected 99 gold pieces.


Innate Abilities, Weirdness & Mutations

You are very small and have problems with some larger weapons.
You are too small for most types of armour.
You have supernaturally acute eyesight. (SInv)
You cover ground extremely quickly. (Speed+++)


   Skills:
 - Level 1.5 Fighting
 + Level 4.6 Ranged Weapons
 - Level 4.0 Dodging
 - Level 1.5 Stealth


You had 2 spell levels left.
You didn't know any spells.
Your spell library was empty.

Inventory:

Hand Weapons
 a - a +0 shortbow (weapon)
Armour
 c - a +0 robe (worn)
Wands
 g - a wand of flame (26)
Scrolls
 b - a scroll of teleportation {unknown}
 e - 2 scrolls of identify
Potions
 d - a potion of might {unknown}
 f - a potion of enlightenment

Dungeon Overview and Level Annotations

Branches:
Dungeon (2/15)

Altars:


Message History

There is an open door here.
e - 2 scrolls of identify (gained 1)
g - a wand of flame (26)
Enter note:
Enter note:
There is a stone staircase leading up here.
A bat comes into view.
You shoot an arrow. The arrow hits the bat!
You kill the bat!
You hear a shout! x2; You hear an angry hiss.
A kobold and a goblin come into view.
You shoot an arrow. The arrow barely misses the goblin.
The kobold throws a stone.
The stone closely misses you.
You shoot an arrow. The arrow barely misses the goblin.
The kobold throws a stone.
The stone completely misses you.
A frilled lizard comes into view.
The goblin hits you with a +3 dagger.
A ribbon worm comes into view.
You shoot an arrow. The frilled lizard hisses angrily.
The arrow hits the goblin.
The goblin is severely wounded.
The kobold throws a stone.
The stone hits you but does no damage. The goblin hits you but does no damage.
The frilled lizard closely misses you. The goblin misses you.
You shoot an arrow. The arrow closely misses the goblin.
The frilled lizard misses you. The goblin hits you with a +3 dagger.
You shoot an arrow. The arrow closely misses the goblin.
The frilled lizard misses you. The goblin hits you with a +3 dagger.
You shoot an arrow. The arrow hits the goblin!
You kill the goblin!
The frilled lizard bites you but does no damage.
You shoot an arrow.
The arrow hits the frilled lizard but does no damage.
The frilled lizard misses you.
You shoot an arrow. The arrow hits the kobold.
The kobold is moderately wounded.
The kobold hits you with a +0 short sword.
The frilled lizard bites you.
You die...

#........# #........##
#........'. #........#.
#........#. #........#.
# ##.......#.
...##.#########.#.###.#.
.%...wl@...<............
......K...#####.#####.##
......##......#.........
...... #.......##.....##
..... #................
...## #..........#####.
... #......##..# #.. ..
#......###.## #.#
######## #..# #.#


You could see a ribbon worm, a kobold and a frilled lizard.

Vanquished Creatures
  A dart slug (D:2)
  A ribbon worm (D:2)
  6 bats
  3 endoplasms
  2 giant cockroaches
  6 goblins
  2 hobgoblins
  3 kobolds
  2 ball pythons
  3 frilled lizards
29 creatures vanquished.

Notes
Turn   | Place    | Note
-------+----------+-------------------------------------------
     0 | D:1      | qw the Spriggan Hunter began the quest for the Orb.
     0 | D:1      | Reached XP level 1. HP: 10/10 MP: 2/2
     0 | D:1      | 0 ||| qw: Version: 0.3-a-160-g6735b56
     0 | D:1      | 0 ||| qw: Game counter: 5976
     0 | D:1      | 0 ||| qw: Melee chars always use a shield: true
     0 | D:1      | 0 ||| qw: God list: Okawaru
     0 | D:1      | 0 ||| qw: Allow faded altars: false
     0 | D:1      | 0 ||| qw: Do Orc after clearing Dungeon:15 true
     0 | D:1      | 0 ||| qw: Do second Lair branch before Depths: true
     0 | D:1      | 0 ||| qw: Lair rune preference: random
     0 | D:1      | 0 ||| qw: Goals: Normal
     0 | D:1      | 0 ||| PLANNING D:1-11
    42 | D:1      | Reached skill level 3 in Dodging
   216 | D:1      | Reached XP level 2. HP: 14/14 MP: 3/3
   709 | D:1      | 709 ||| READING 2 scrolls labelled WUTOAG TUFUTZ.
   709 | D:1      | 709 ||| IDENTIFYING sedimented grey potion
   710 | D:1      | 710 ||| READING scroll of identify.
   710 | D:1      | 710 ||| IDENTIFYING scroll labelled ZANNOB MEAHY
   711 | D:1      | 711 ||| DROPPING scroll of butterflies.
   712 | D:1      | 712 ||| DROPPING scroll of noise.
   876 | D:2      | Reached XP level 3. HP: 18/18 MP: 4/4
  1149 | D:2      | HP: 3/18 [kobold/+0 short sword (4)]
  1149 | D:2      | Slain by a frilled lizard

Levels and vault maps discovered:
D:1:      saegor_arrival_simple_a, layout_basic
D:2:      layout_basic

Skill      XL: |  1  2 |
---------------+-------+-----
Dodging        | 3 4 |  4.0
Fighting       | |  1.5
Ranged Weapons | |  4.6
Stealth        | |  1.5

Action                     || total
---------------------------++-------
   Fire: Shortbow          ||    92
    Use: Scroll            ||     2
 Armour: Robe              ||    19
  Dodge: Dodged            ||    41

Table legend:
 A = Non-vault XP
 B = Vault XP
 C = Vault XP percentage of total XP
 D = Non-vault monster count
 E = Vault monster count
 F = Vault count percentage of total count
                 A         B        C        D         E       F
            +---------+---------+-------+---------+---------+-------
      Total |      53 |       0 |   0.0 |      29 |       0 |   0.0
            +---------+---------+-------+---------+---------+-------
        D:1 |      24 |       0 |   0.0 |      14 |       0 |   0.0
        D:2 |      29 |       0 |   0.0 |      15 |       0 |   0.0
            +---------+---------+-------+---------+---------+-------
